 Dungeon Crawl Stone Soup version 0.20.1-1-g8b1a95d (webtiles) character file.

1033 raph the Chopper (level 8, -1/67 HPs)
             Began as a Hill Orc Fighter on Aug 31, 2017.
             Was a Believer of Makhleb.
             Slain by Duvessa
             ... wielding a +2 rapier of draining
              (2 damage)
             ... on level 5 of the Dungeon.
             The game lasted 00:10:09 (4007 turns).

raph the Chopper (Hill Orc Fighter)                 Turns: 4007, Time: 00:10:09

Health: -1/67      AC: 14    Str: 20    XL:     8   Next: 24%
Magic:  10/10      EV:  5    Int:  8    God:    Makhleb [**....]
Gold:   241        SH:  0    Dex: 11    Spells: 7/7 levels left

rFire    . . .     SeeInvis +   w - -2 executioner's axe
rCold    . . .     Gourm    .   (shield currently unavailable)
rNeg     . . .     Faith    .   i - +1 plate armour
rPois    .         Spirit   .   l - +0 helmet
rElec    .         Reflect  .   u - +0 cloak
rCorr    .         Harm     .   (no gloves)
MR       .....                  (no boots)
Stlth    ..........             p - amulet of rage
Regen    0.3/turn               o - ring of see invisible
MPRegen  0.2/turn               m - ring of wizardry

@: berserk cooldown, very heavily drained
A: no striking features
a: Minor Destruction, Renounce Religion, Evoke Berserk Rage


You were on level 5 of the Dungeon.
You worshipped Makhleb.
Makhleb was pleased with you.
You were not hungry.

You visited 1 branch of the dungeon, and saw 5 of its levels.

You collected 241 gold pieces.

Inventory:

Hand Weapons
 a - a +0 war axe
 w - a -2 executioner's axe (weapon)
Missiles
 y - 2 tomahawks (quivered)
Armour
 b - a +0 scale mail
 c - a +0 shield
 i - a +1 plate armour (worn)
 l - a +0 helmet (worn)
 t - a +0 buckler
 u - a +0 cloak (worn)
Jewellery
 m - a ring of wizardry (right hand)
 o - a ring of see invisible (left hand)
 p - an amulet of rage (around neck)
Wands
 r - a wand of iceblast (9/15)
Scrolls
 g - 2 scrolls of identify
 k - 2 scrolls of teleportation
 n - 6 scrolls of remove curse
 q - a scroll of fear
Potions
 d - 2 potions of might
 e - a potion of ambrosia {unknown}
 h - a potion of curing {unknown}
 j - 3 potions of heal wounds
Books
 s - a book of Cantrips

   Spells                             Type                      Level
   a - Confusing Touch                Hexes                        1
   b - Animate Skeleton               Necromancy                   1
   c - Summon Small Mammal            Summoning                    1
   d - Apportation                    Translocation                1
Comestibles
 f - 3 bread rations
 v - a royal jelly
 x - 6 chunks of flesh


   Skills:
 - Level 4.3(1.5) Fighting
 * Level 7.5(4.4) Axes
 + Level 5.5(2.6) Armour
 - Level 6.5(3.4) Shields
 - Level 3.2(0.4) Invocations
 - Level 1.0(0.0) Evocations


You had 7 spell levels left.
You didn't know any spells.

Dungeon Overview and Level Annotations

Branches:
Dungeon (5/15)             Temple (0/1) D:4

Altars:
Dithmenos
Makhleb
Nemelex Xobeh
Yredelemnul
Zin
The Shining One

Annotations:
D:5 Duvessa


Message History

You hit Duvessa but do no damage.
Duvessa is heavily wounded.
Duvessa closely misses you.
Duvessa hits you with a rapier of draining.
* * * LOW HITPOINT WARNING * * *
You feel drained.
You hit Duvessa.
Duvessa is heavily wounded.
Duvessa hits you with a rapier of draining.
* * * LOW HITPOINT WARNING * * *
You feel drained.
* * * LOW HITPOINT WARNING * * *
Duvessa hits you with a rapier of draining!
* * * LOW HITPOINT WARNING * * *
You feel drained.
* * * LOW HITPOINT WARNING * * *
Your plate armour prevents you from hitting Duvessa.
Duvessa is heavily wounded.
Duvessa hits you with a rapier of draining.
You die...

.. #............. #...
#? #.#...#.#....
#...##.##.#...#.#..#
##..................#
........##.#........# #
..............)#.#..##.#
..............))........
.#..................##.#
................@.......
................e.......
.....#####.......#..##.#
.##### #.#...#.#..# ..#
...#...#...... ..##
............... ...###
#.#..##.#. #...
.....#####.... ... ...
.........#


You could see Duvessa (berserk).

Vanquished Creatures
  Sigmund (D:3)
  An ogre (D:4)
  7 scorpions (D:4)
  Dowan (D:5)
  An orc priest (D:4)
  A bullfrog skeleton (D:4)
  2 orc wizards
  3 worker ants (D:4)
  A hound skeleton (D:4)
  A howler monkey zombie (D:5)
  A howler monkey skeleton (D:3)
  6 adders
  An ooze (D:2)
  A dart slug (D:2)
  2 worms
  8 leopard geckos
  15 orcs
  8 giant cockroaches
  8 goblins
  6 hobgoblins
  7 jackals (D:3)
  2 quokkas (D:4)
  12 bats
  5 frilled lizards
  5 kobolds
  9 rats
  2 fungi (D:4)
117 creatures vanquished.

Notes
Turn   | Place    | Note
-------+----------+-------------------------------------------
     0 | D:1      | raph the Hill Orc Fighter began the quest for the Orb.
     0 | D:1      | Reached XP level 1. HP: 19/19 MP: 1/1
    65 | D:1      | Reached skill level 3 in Axes
   156 | D:1      | Reached XP level 2. HP: 23/27 MP: 2/2
   582 | D:2      | Reached XP level 3. HP: 33/33 MP: 3/3
   758 | D:2      | Found a burning altar of Makhleb.
   758 | D:2      | Noticed an Executioner
   761 | D:2      | Noticed a hellwing
   761 | D:2      | Noticed a smoke demon
   763 | D:2      | Became a worshipper of Makhleb the Destroyer
  1084 | D:3      | Found a shadowy altar of Dithmenos.
  1149 | D:3      | Found a glowing silver altar of Zin.
  1359 | D:3      | Reached XP level 4. HP: 34/40 MP: 4/4
  1446 | D:3      | Reached skill level 4 in Axes
  1454 | D:3      | Reached * piety under Makhleb
  1757 | D:3      | Noticed Sigmund
  1784 | D:3      | Killed Sigmund
  1784 | D:3      | Reached skill level 5 in Axes
  1784 | D:3      | Reached skill level 5 in Shields
  1784 | D:3      | Reached XP level 5. HP: 8/46 MP: 4/6
  1784 | D:3      | Reached XP level 6. HP: 10/52 MP: 4/7
  1986 | D:3      | Found a glowing golden altar of the Shining One.
  2400 | D:4      | Found a sparkling altar of Nemelex Xobeh.
  2810 | D:4      | Reached XP level 7. HP: 37/58 MP: 9/9
  3038 | D:4      | Reached ** piety under Makhleb
  3152 | D:4      | Found a basalt altar of Yredelemnul.
  3260 | D:4      | Reached skill level 6 in Axes
  3310 | D:4      | Reached skill level 5 in Armour
  3488 | D:4      | Reached skill level 1 in Evocations
  3488 | D:4      | Reached XP level 8. HP: 54/67 MP: 10/10
  3599 | D:4      | Reached skill level 7 in Axes
  3802 | D:4      | Found a staircase to the Ecumenical Temple.
  3936 | D:5      | Entered Level 5 of the Dungeon
  3957 | D:5      | Found a sparkling altar of Nemelex Xobeh.
  3964 | D:5      | Noticed Dowan
  3972 | D:5      | Killed Dowan
  3993 | D:5      | Noticed Duvessa
  4006 | D:5      | HP: 3/67 [Duvessa/rapier of draining (8)]
  4006 | D:5      | HP: 1/67 [Duvessa/rapier of draining (2)]
  4007 | D:5      | Slain by Duvessa

Skill      XL: |  1  2  3  4  5  6  7  8 |
---------------+-------------------------+-----
Axes           | 3 5 6 7 |  7.5
Shields        | 4 5 6 |  6.5
Armour         | 4 5 |  5.5
Invocations    | 2 3 |  3.2
Fighting       | 4 |  4.3
Evocations     | 1 |  1.0

Action                   |  1- 3 |  4- 6 |  7- 9 || total
-------------------------+-------+-------+-------++-------
Melee: War axe           |   143 |   156 |   114 ||   413
       Executioner's axe |       |       |    34 ||    34
 Abil: Evoke Berserk Rag |       |       |     1 ||     1
  Use: Potion            |       |     1 |       ||     1
       Scroll            |       |     7 |     1 ||     8
  Eat: Chunk             |     2 |     4 |     6 ||    12
Armor: Plate armour      |   111 |   105 |   104 ||   320
       Skin              |       |    18 |       ||    18
Dodge: Dodged            |    24 |    47 |    38 ||   109
Block: Shield            |    99 |       |       ||    99
       Buckler           |       |    40 |    29 ||    69
